 Dungeon Crawl Stone Soup version 0.25.1-8-g42b30a86e7 (webtiles) character file.

Game seed: 6665914990291830229

6159 midijamz the Cleaver (level 10, -11/91 HPs)
             Began as a Minotaur Berserker on Dec 11, 2020.
             Was a High Priest of Trog.
             Mangled by a death yak (18 damage)
             ... on level 8 of the Dungeon.
             The game lasted 00:21:41 (7847 turns).

midijamz the Cleaver (Minotaur Berserker)           Turns: 7847, Time: 00:21:42

Health: -11/91     AC: 13    Str: 25    XL:     10   Next: 60%
Magic:  0/9        EV: 11    Int:  4    God:    Trog [*****.]
Gold:   426        SH:  0    Dex: 10    Spells: 9/9 levels left

rFire    x . .     SeeInvis .   F - +11 scythe of Ajaiz {venom, rElec}
rCold    + . .     Gourm    .   (shield currently unavailable)
rNeg     + . .     Faith    .   t - +0 chain mail
rPois    .         Spirit   +   G - +2 hat of the Bear Spirit {Spirit, +Rage rN+ MR++}
rElec    +         Reflect  .   (no cloak)
rCorr    .         Harm     .   (no gloves)
MR       ++...                  (no boots)
Stlth    ..........             r - amulet of guardian spirit
HPRegen  0.25/turn              p - ring of ice
MPRegen  0.11/turn              (no ring)

@: berserk cooldown, very slightly contaminated, slowed, very slow
A: retaliatory headbutt, horns 2
a: Berserk, Trog's Hand, Brothers in Arms, Renounce Religion, Evoke Berserk Rage


You were on level 8 of the Dungeon.
You worshipped Trog.
Trog was extremely pleased with you.
You were near starving.

You visited 1 branch of the dungeon, and saw 8 of its levels.

You collected 426 gold pieces.

Inventory:

Hand Weapons
 g - a +2 flail of protection
 j - a +0 war axe
 q - a +1 quarterstaff of speed
 F - the +11 scythe of Ajaiz (weapon) {venom, rElec}
   (You found it on level 6 of the Dungeon)

   It poisons the flesh of those it strikes.
   It insulates you from electricity.
 H - a +5 spear of freezing
Armour
 i - the cursed +1 chain mail of Satiluot {rElec rC- rN+ Dex+4, unknown}
   (You found it on level 7 of the Dungeon)

   It affects your dexterity (+4).
   It makes you vulnerable to cold.
   It insulates you from electricity.
   It protects you from negative energy.
   It has a curse placed upon it.
 o - a +3 chain mail of poison resistance
 t - a +0 chain mail (worn)
 B - a +0 ring mail
 G - the +2 hat of the Bear Spirit (worn) {Spirit, +Rage rN+ MR++}
   (You found it on level 6 of the Dungeon)

   It protects you from negative energy.
   It affects your resistance to hostile enchantments.
   It lets you go berserk.
Magical Staves
 s - an uncursed staff of earth {unknown}
Jewellery
 p - a ring of ice (left hand)
 r - an amulet of guardian spirit (around neck)
Wands
 h - a wand of random effects (13)
 x - a wand of disintegration (18)
 y - a wand of paralysis (7)
Scrolls
 a - a scroll of remove curse
 b - a scroll of enchant armour
 f - a scroll of magic mapping
 m - a scroll of enchant weapon {unknown}
 n - a scroll of immolation {unknown}
 u - 2 scrolls of fear {unknown}
 w - 2 scrolls of torment {unknown}
 A - a scroll of fog {unknown}
Potions
 k - 2 potions of stabbing
 l - a potion of ambrosia
 v - a potion of cancellation {unknown}
 z - a potion of magic {unknown}
 C - a potion of berserk rage {unknown}
 D - a potion of brilliance {unknown}
 E - 2 potions of might {unknown}
Comestibles
 c - 12 rations


   Skills:
 + Level 9.2 Fighting
 + Level 11.3(12.3) Axes
 + Level 8.1(10.8) Polearms
 + Level 9.0 Armour
 + Level 5.6 Dodging
 + Level 1.5 Stealth


You had 9 spell levels left.
You didn't know any spells.
Your spell library contained the following spells:

 Spells                   Type           Power        Failure   Level  Hunger
 Magic Dart               Conj           #...         96%         1    ##.....
 Blink                    Tloc           N/A          99%         2    ###....
 Call Imp                 Summ           #.......     99%         2    ###....
 Slow                     Hex            #.......     99%         2    ###....
 Conjure Flame            Conj/Fire      #.......     100%        3    ####...
 Mephitic Cloud           Conj/Pois/Air  #.......     100%        3    ####...


Dungeon Overview and Level Annotations

Branches:
Dungeon (8/15)             Temple (0/1) D:7            Lair (0/6) D:8

Altars:
Dithmenos
Gozag
Nemelex Xobeh
Sif Muna
Uskayaw
Wu Jian
Yredelemnul
The Shining One
Beogh

Shops:
D:4 *


Innate Abilities, Weirdness & Mutations

You reflexively headbutt those who attack you in melee.
You have a pair of horns on your head.


Message History

The death yak is moderately wounded.
The death yak gores you.
The death yak gores you but does no damage.
You bump into the rock wall.
You feel less invigorated.
You feel less confused.
The death yak looks more healthy.
The death yak barely misses you. The yak gores you but does no damage.
The death yak gores you!!
The death yak gores you but does no damage.
The yak barely misses you. You furiously retaliate!
You headbutt the yak! You slash the death yak!
The death yak is poisoned.
You headbutt the death yak!
The death yak is heavily wounded.
The death yak gores you!
* * * LOW HITPOINT WARNING * * *
The yak barely misses you. You furiously retaliate!
You headbutt the yak! The yak gores you!
* * * LOW HITPOINT WARNING * * *
The death yak gores you!
* * * LOW HITPOINT WARNING * * *
The death yak gores you!!
You die...

#.(##.##.## #.# ......
##.........# #.# ../...
...........# #.# #......
#.........#####.## ....#..
##...#..).........## .......
.....#.#.#.####....##.....>.
###........# #..†.SY...?...
# ####.##### #SY#.#.##..#.#
# #(# #Y@#.#.# ).Y # ##.##
#YY#.... . # #...#
##.Y###.## # #...#
####.......# # #.<.#
#.......#.##
#####...###.......#.
#....)............#
......................
#..................|##


You could see 3 death yaks, 2 yaks and an adder.

Vanquished Creatures
  2 death yaks (D:8)
  The ghost of hawla the Destroyer, a novice DrCj of Vehumet (D:6)
  An ugly thing (D:7)
  A cyclops (D:7)
  Sigmund (D:2)
  A yak (D:7)
  Eustachio (D:4)
  Duvessa (D:7)
  A sky beast (D:7)
  3 orc warriors
  3 ice beasts
  3 phantoms
  3 ogres
  A black bear (D:6)
  2 centaurs (D:6)
  A big kobold (D:7)
  4 bullfrogs
  5 scorpions
  Dowan (D:7)
  7 killer bees
  A wight (D:7)
  3 howler monkeys
  A bullfrog zombie (D:5)
  A crimson imp (D:8)
  A hound (D:5)
  3 orc priests
  3 centaur skeletons
  2 orc wizards (D:5)
  Jessica (D:2)
  2 iguanas (D:4)
  Natasha (thrice) (D:2)
  7 worker ants
  A hound skeleton (D:6)
  3 gnolls (D:4)
  7 adders
  2 shadow imps (D:5)
  3 oozes
  An adder zombie (D:7)
  2 worms
  3 dart slugs
  2 leopard geckos
  17 orcs
  4 giant cockroaches
  2 goblins
  4 hobgoblins
  13 jackals
  7 kobolds
  6 quokkas
  2 ball python skeletons (D:4)
  4 bats
  3 frilled lizards
  A jackal zombie (D:7)
  A quokka zombie (D:6)
  9 rats
168 creatures vanquished.

Notes
Turn   | Place    | Note
-------+----------+-------------------------------------------
     0 | D:1      | midijamz the Minotaur Berserker began the quest for the
                  | Orb.
     0 | D:1      | Reached XP level 1. HP: 19/19 MP: 0/0
   103 | D:1      | Reached XP level 2. HP: 13/27 MP: 1/1
   303 | D:1      | Reached skill level 4 in Axes
  1145 | D:2      | Reached XP level 3. HP: 31/33 MP: 2/2
  1296 | D:2      | Noticed Natasha
  1305 | D:2      | Killed Natasha
  1318 | D:2      | Noticed Natasha
  1323 | D:2      | Killed Natasha
  1323 | D:2      | Reached XP level 4. HP: 15/41 MP: 3/3
  1549 | D:2      | Noticed Jessica
  1550 | D:2      | Noticed Natasha
  1557 | D:2      | Killed Natasha
  1557 | D:2      | Reached ** piety under Trog
  1557 | D:2      | Reached skill level 5 in Axes
  1570 | D:2      | Killed Jessica
  1570 | D:2      | Reached skill level 5 in Fighting
  1570 | D:2      | Reached XP level 5. HP: 40/48 MP: 4/4
  1776 | D:2      | Noticed Sigmund
  1781 | D:2      | Killed Sigmund
  1781 | D:2      | Reached XP level 6. HP: 57/57 MP: 5/5
  2081 | D:3      | Reached skill level 6 in Axes
  2702 | D:4      | Found Miesk's Assorted Antiques.
  2983 | D:4      | Found a sparkling altar of Nemelex Xobeh.
  3046 | D:4      | Noticed Eustachio
  3049 | D:4      | Reached XP level 7. HP: 57/63 MP: 6/6
  3066 | D:4      | Killed Eustachio
  3066 | D:4      | Reached skill level 7 in Axes
  3120 | D:4      | Reached *** piety under Trog
  3535 | D:4      | Reached skill level 5 in Armour
  3957 | D:5      | Entered Level 5 of the Dungeon
  3968 | D:5      | Reached XP level 8. HP: 61/71 MP: 7/7
  4233 | D:5      | Reached skill level 8 in Axes
  4441 | D:5      | Reached skill level 9 in Axes
  4472 | D:5      | Reached skill level 5 in Dodging
  4472 | D:5      | Reached skill level 1 in Stealth
  4894 | D:6      | Found an opulent altar of Gozag.
  4906 | D:6      | Found a basalt altar of Yredelemnul.
  4915 | D:6      | Found a shimmering blue altar of Sif Muna.
  4918 | D:6      | Found a hide-covered altar of Uskayaw.
  5176 | D:6      | Reached **** piety under Trog
  5200 | D:6      | Reached XP level 9. HP: 74/80 MP: 8/8
  5205 | D:6      | Reached skill level 10 in Axes
  5639 | D:6      | Found a runed translucent gate.
  5639 | D:6      | Noticed hawla's ghost (novice DrCj)
  5640 | D:6      | Found a runed translucent gate.
  5641 | D:6      | Found a runed translucent gate.
  5642 | D:6      | Identified the +5 plate armour of Hairiness {rCorr}
  5647 | D:6      | Found a roughly hewn altar of Beogh.
  5648 | D:6      | Found the +2 hat of the Bear Spirit {Spirit, +Rage rN+
                  | MR++}
  5677 | D:6      | Killed hawla's ghost
  6263 | D:6      | Got a slimy scythe
  6272 | D:6      | Identified the +11 scythe of Ajaiz {venom, rElec} (You
                  | found it on level 6 of the Dungeon)
  6476 | D:7      | Found a staircase to the Ecumenical Temple.
  6504 | D:7      | Reached skill level 11 in Axes
  6510 | D:7      | Found a sand-covered staircase.
  6722 | D:7      | Found a shadowy altar of Dithmenos.
  6739 | D:7      | Noticed Dowan
  6740 | D:7      | Noticed Duvessa
  6743 | D:7      | Killed Dowan
  6748 | D:7      | Killed Duvessa
  6748 | D:7      | Reached skill level 1 in Polearms
  7189 | D:7      | Found the +10 tower shield of Ignorance {rN+ Int-4}
  7193 | D:7      | Reached XP level 10. HP: 83/90 MP: 7/9
  7200 | D:7      | Noticed a purple ugly thing
  7203 | D:7      | Noticed a cyclops
  7206 | D:7      | Killed a purple ugly thing
  7209 | D:7      | Killed a cyclops
  7209 | D:7      | Reached skill level 5 in Polearms
  7210 | D:7      | Reached ***** piety under Trog
  7220 | D:7      | Got a jewelled chain mail
  7507 | D:7      | Found an ornate altar of the Wu Jian Council.
  7766 | D:8      | Found a glowing golden altar of the Shining One.
  7812 | D:8      | Found a staircase to the Lair.
  7812 | D:8      | Noticed a death yak
  7813 | D:8      | Noticed a death yak
  7813 | D:8      | Noticed a death yak
  7817 | D:8      | Noticed a death yak
  7822 | D:8      | Noticed a death yak
  7828 | D:8      | Killed a death yak
  7829 | D:8      | Killed a death yak
  7847 | D:8      | Mangled by a death yak

Illustrated notes

Levels and vault maps discovered:
D:1:      dpeg_arrival_prison, layout_loops_cross
D:2:      layout_rooms, first_ration, uniq_sigmund, uniq_jessica, uniq_natasha
D:3:      layout_loops_ring
D:4:      layout_loops_ring, nemelex_xobeh_ov_fountains_minmay, serial_shops,
          kennysheep_mini, uniq_eustachio
D:5:      layout_basic
D:6:      layout_cave_pools, grunt_temple_overflow_cloverleaf,
          serial_column_ruins, column_ruins_open_small, column_ruins_open_tiny,
          column_ruins_open_large, column_ruins_grid_1,
          biasface_ghost_orc_armoury
D:7:      minmay_the_grid_triangle_9x9_rhombus_thin
          [minmay_the_grid_triangle_9x9_impossible_snake,
          minmay_the_grid_triangle_9x9_prize_schism,
          minmay_the_grid_triangle_9x9_negative_grid,
          minmay_the_grid_triangle_9x9_stretched_checkered], layout_gridville,
          marbit_many_paths, lemuel_crystal_altar,
          minmay_temple_entry_large_hall, nicolae_ossuary_entry_monument,
          uniq_duvessa
D:8:      layout_loops_cross, kennysheep_little_box, lemuel_doored_altar,
          dpeg_lair_monsters, serial_shops, shop, nrook_mini_backslash,
          grunt_livestock, uniq_maurice, uniq_psyche, uniq_maggie

Skill      XL: |  1  2  3  4  5  6  7  8  9 10 |
---------------+-------------------------------+-----
Axes           | 4 5 6 7 9 11 | 11.3
Fighting       | 4 5 6 7 8 9 |  9.2
Armour         | 3 4 5 6 8 9 |  9.0
Dodging        | 3 4 5 |  5.6
Stealth        | 1 |  1.5
Polearms       | 3 8 |  8.1

Action                   |  1- 3 |  4- 6 |  7- 9 | 10-12 || total
-------------------------+-------+-------+-------+-------++-------
Melee: Hand axe          |    53 |       |       |       ||    53
       Headbutt          |     9 |    16 |    51 |     5 ||    81
       War axe           |    10 |    97 |   237 |       ||   344
       Scythe            |       |       |    48 |    39 ||    87
Invok: Berserk           |     1 |     2 |     3 |     2 ||     8
  Use: Scroll            |       |     2 |     8 |     3 ||    13
       Potion            |       |       |     8 |     1 ||     9
  Eat: Chunk             |     2 |     6 |    11 |     2 ||    21
       Ration            |       |     1 |     1 |       ||     2
Armor: Animal skin       |     5 |       |       |       ||     5
       Ring mail         |       |    23 |    26 |       ||    49
       Chain mail        |       |       |    99 |    26 ||   125
Dodge: Dodged            |    41 |    54 |   140 |    33 ||   268
